 Dungeon Crawl Stone Soup version 5.5-19-gbfab8aa (webtiles) character file.

2 sanboga the Chopper (level 7, 0/44 HPs) *CASUAL*
             Began as a Gargoyle Berserker on Apr 19, 2018.
             Was a Believer of Trog.
             Slain by a goblin (3 damage)
             ... on level 3 of the Dungeon.
             The game lasted 00:07:50 (2440 turns).

sanboga the Chopper (Gargoyle Berserker)            Turns: 2440, Time: 00:07:50

Health: 0/44       AC:  4 (24%)Str: 23  XL:     7   Next: 64%
Magic:  9/9        EV: 12    Int:  7    God:    Trog [2*[58]]
Gold:   190        SH:  0    Dex:  9    Spells: 8/8 levels left

rFire    . . .     SeeInvis .   a - +0 hand axe
rCold    . . .     Faith    .   (no shield)
rNeg     + . .     Spirit   .   (no armour)
rPois    ∞         Reflect  .   (no helmet)
rElec    +                      (no cloak)
rCorr    .                      (no gloves)
MR       +....                  (no boots)
Stlth    +.........             (no amulet)
Regen    0.2/turn               g - ring of protection from magic
MPRegen  0.2/turn               (no ring)

@: no status effects
A: negative energy resistance 1, electricity resistance, unbreathing,
petrification resistance, rot immunity, AC +4
a: Berserk, Trog's Hand, Renounce Religion


You were on level 3 of the Dungeon.
You worshipped Trog.
Trog was pleased with you.
You were not hungry.

You visited 1 branch of the dungeon, and saw 3 of its levels.
You also visited: Sewer.

You collected 190 gold pieces.

Inventory:

Hand Weapons
 a - a +0 hand axe (weapon)
Missiles
 b - 61 poisoned darts (quivered)
Armour
 h - a +0 cloak
 n - a +0 scale mail
Jewellery
 g - a ring of protection from magic (left hand)
 p - an uncursed ring of protection from magic
Scrolls
 d - 2 scrolls of blinking
 e - a scroll of immolation
 j - a scroll of teleportation
 l - a scroll of enchant weapon
 m - a scroll of enchant armour
 o - a scroll of holy word
Potions
 c - 2 potions of flight
 f - 2 potions of mutation
 i - a potion of heal wounds
 k - a potion of berserk rage


   Skills:
 + Level 5.1 Fighting
 * Level 5.3 Axes
 + Level 4.6 Armour
 - Level 1.5 Dodging
 + Level 3.5 Shields


You had 8 spell levels left.
You didn't know any spells.

Dungeon Overview and Level Annotations

Branches:
Dungeon (3/15)

Altars:
Gozag
Kikubaaqudgha
Nemelex Xobeh
Okawaru
Trog
Wu Jian


Innate Abilities, Weirdness & Mutations

You are resistant to torment.
Your stone body is resilient. (AC +4)
You are immune to poison.
You resist negative energy. (rN+)
You are resistant to electric shocks. (rElec)
You can survive without breathing.
You are immune to petrification.
You are immune to rotting.


Message History

* * * LOW HITPOINT WARNING * * *
The quokka bites you but does no damage.
The goblin closely misses you. The frilled lizard barely misses you.
The orc hits you but does no damage. The quokka bites you (3).
* * * LOW HITPOINT WARNING * * *
The quokka barely misses you. The goblin misses you.
The frilled lizard bites you (3).
* * * LOW HITPOINT WARNING * * *
The orc hits you but does no damage. The quokka bites you (1).
* * * LOW HITPOINT WARNING * * *
The goblin barely misses you. The orc hits you with a +0 dagger (1).
* * * LOW HITPOINT WARNING * * *
The frilled lizard closely misses you.
The quokka bites you but does no damage.
The goblin hits you (1).
* * * LOW HITPOINT WARNING * * *
The frilled lizard misses you. The orc hits you but does no damage.
The quokka misses you. The goblin hits you (3).
You die...

#.# #.....# ..
#.# #.....## ...
#.# #......# ...
#.# ######.## ...
#$#########
#..#####'
#.#####.........#
##.##....
#............##
#..#.##.
########.rlo.#
##.#.#.. +.g@..#
#....... #.....#
##.#.#.. #.....#
#...##. #######
##..##. ...##.
######. #. ....
....


You could see an orc, a quokka, a goblin and a frilled lizard.

Vanquished Creatures
  Purgy (Sewer)
  3 vampire bats (D:2)
  A worker ant (D:3)
  4 adders (D:2)
  An ooze (D:2)
  5 dart slugs
  2 ball pythons
  9 bats
  4 bat skeletons (D:2)
  A bat zombie (D:2)
  A giant cockroach (D:3)
  2 hobgoblins
  5 frilled lizards
  7 goblins
  8 kobolds
  9 rats
63 creatures vanquished.

Notes
Turn   | Place    | Note
-------+----------+-------------------------------------------
     0 | D:1      | sanboga the Gargoyle Berserker began the quest for the Orb.
     0 | D:1      | Reached XP level 1. HP: 14/14 MP: 2/2
   104 | D:1      | Reached XP level 2. HP: 19/19 MP: 3/3
   223 | D:1      | Reached skill level 1 in Shields
   324 | D:1      | Reached XP level 3. HP: 20/23 MP: 4/4
   891 | D:2      | Found an iron altar of Okawaru.
   922 | D:2      | Reached XP level 4. HP: 25/28 MP: 6/6
   941 | D:2      | Found an opulent altar of Gozag.
   983 | D:2      | Found a bloodstained altar of Trog.
  1241 | D:2      | Reached XP level 5. HP: 30/33 MP: 7/7
  1290 | D:2      | Found an ornate altar of the Wu Jian Council.
  1432 | D:2      | Found an ancient bone altar of Kikubaaqudgha.
  1444 | D:2      | Reached ** piety under Trog
  1444 | D:2      | Reached XP level 6. HP: 36/38 MP: 8/8
  1773 | D:3      | Reached XP level 7. HP: 34/44 MP: 9/9
  1928 | D:3      | Found a glowing drain.
  1937 | Sewer    | Entered a sewer
  2024 | Sewer    | Noticed Purgy
  2051 | Sewer    | Killed Purgy
  2051 | Sewer    | Reached skill level 5 in Fighting
  2051 | Sewer    | Reached skill level 5 in Axes
  2172 | D:3      | Found a sparkling altar of Nemelex Xobeh.
  2440 | D:3      | Slain by a goblin

Skill      XL: |  1  2  3  4  5  6  7 |
---------------+----------------------+-----
Axes           | 3 4 5 |  5.3
Shields        | 1 2 3 |  3.5
Armour         | 3 4 |  4.6
Fighting       | 4 5 |  5.1
Dodging        | |  1.5

Action                   |  1- 3 |  4- 6 |  7- 9 || total
-------------------------+-------+-------+-------++-------
Melee: Hand axe          |    63 |    82 |    88 ||   233
Throw: Poisoned dart     |       |    11 |       ||    11
Invok: Berserk           |       |       |     1 ||     1
 Stab: Sleeping          |     1 |       |       ||     1
Armor: Animal skin       |    20 |       |       ||    20
       Leather armour    |    17 |    66 |     7 ||    90
       Scale mail        |       |       |    80 ||    80
       Skin              |       |       |    44 ||    44
Dodge: Dodged            |    50 |    79 |   196 ||   325
